 Dungeon Crawl Stone Soup version 0.27-a0-931-g5a74e75d8f (webtiles) character file.

Game seed: 2165321864662483987

9 Alarkh the Insei (level 2, 8/22 HPs)
             Began as a Demonspawn Gladiator on Apr 10, 2021.
             Got out of the dungeon alive.
             The game lasted 00:00:14 (442 turns).

Alarkh the Insei (Demonspawn Gladiator)              Turns: 442, Time: 00:00:15

Health: 8/22       AC:  6    Str: 14    XL:     2   Next: 3%
Magic:  2/2        EV: 12    Int:  9    God:
Gold:   10         SH:  0    Dex: 14    Spells: 1/1 levels left

rFire    . . .     SeeInvis .     - Unarmed
rCold    . . .     Faith    .   (no shield)
rNeg     . . .     Spirit   .   a - +0 leather armour
rPois    .         Reflect  .   b - +0 helmet
rElec    .         Harm     .   (no cloak)
rCorr    .         Rampage  .   (no gloves)
Will     .....                  (no boots)
Stlth    +.........             (no amulet)
HPRegen  0.07/turn              (no ring)
MPRegen  0.08/turn              (no ring)

@: no status effects
A: slimy green scales 1
a: no special abilities


You escaped.
You visited 1 branch of the dungeon, and saw 1 of its levels.

You collected 10 gold pieces.

Inventory:

Missiles
 c - 3 throwing nets (quivered)
Armour
 a - a +0 leather armour (worn)
 b - a +0 helmet (worn)


   Skills:
 + Level 2.2 Fighting
 - Level 1.7 Throwing
 - Level 2.6 Dodging
 * Level 3.1 Unarmed Combat


You had one spell level left.
You didn't know any spells.
Your spell library was empty.

Dungeon Overview and Level Annotations

Branches:
Dungeon (1/15)

Altars:


Innate Abilities, Weirdness & Mutations

You are partially covered in slimy green scales. (AC +2)


Message History

The goblin is moderately wounded.
The goblin hits you with a +0 club.
You barely miss the goblin.
The goblin is moderately wounded.
The goblin hits you with a +0 club.
You are too injured to fight recklessly!
You are too injured to fight recklessly!
You are too injured to fight recklessly!
You are too injured to fight recklessly!
You are too injured to fight recklessly!
You are too injured to fight recklessly!
You are too injured to fight recklessly!
You are too injured to fight recklessly!
You are too injured to fight recklessly!
You are too injured to fight recklessly!
You are too injured to fight recklessly!
You barely miss the goblin.
The goblin is moderately wounded.
The goblin hits you with a +0 club.
You hit the goblin but do no damage.
The goblin is moderately wounded.
The goblin barely misses you.
You closely miss the goblin.
The goblin is moderately wounded.
The goblin hits you with a +0 club.
* * * LOW HITPOINT WARNING * * *
You barely miss the goblin.
The goblin is moderately wounded.
The goblin closely misses you.
You hit the goblin.
You kill the goblin!
You have reached level 2!
Your demonic ancestry asserts itself...
Slimy green scales grow over part of your body.
Unknown command.
Things that are here:
a +0 club; a goblin skeleton
There is a staircase leading out of the dungeon here.
Are you sure you want to leave the Dungeon?
This will make you lose the game!
You have escaped!

##.## #......)..####
##...# #######†....#.
#.#########........#.
#.#≈≈≈≈≈≈≈#.#.#...##.
#.#≈≈≈≈≈≈≈#..........
#...≈..≈≈≈≈........##
#####
#.......≈≈≈..........
#...#
#.......≈≈≈......####
#.#.#
#...@.≈.≈≈≈..##......
#.#.#####
#.....≈≈≈≈≈..########
#.#...).# #....(≈≈≈≈≈...##
#.
#.#.....###.....≈≈≈≈≈[##.#
#.
#.#.............≈≈≈≈#.##.#
.
#.#......##...#######.##.#
###. #.#....#.###.##
#.#.#.#.####.## #.######.#
#.# #.#....####.#.#
#.....##)###.#
##.#.#.####.###.


There were no monsters in sight!

Vanquished Creatures
  3 bats (D:1)
  A giant cockroach (D:1)
  3 goblins (D:1)
  A frilled lizard (D:1)
8 creatures vanquished.

Notes
Turn   | Place    | Note
-------+----------+-------------------------------------------
     0 | D:1      | Alarkh the Demonspawn Gladiator began the quest for the
                  | Orb.
     0 | D:1      | Reached XP level 1. HP: 16/16 MP: 1/1
   380 | D:1      | Reached skill level 3 in Unarmed Combat
   388 | D:1      | Gained mutation: You are partially covered in slimy green
                  | scales. (AC +2) [demonic ancestry]
   388 | D:1      | Reached XP level 2. HP: 4/22 MP: 2/2
   442 | D:$      | Got out of the dungeon alive.

Illustrated notes

Levels and vault maps discovered:
D:1:      dpeg_arrival_pond, layout_loops_ring,
          chequers_ecumenical_altar_simple_redux, serial_co_window_serial,
          co_window_corner_a, co_window_of_opportunity_a, co_window_paths_a,
          co_window_corner_a, co_window_paths_a, co_window_of_opportunity_a,
          co_window_paths_a, co_window_corner_b, co_window_corner_b,
          co_window_broadway_a, co_window_paths_e, glass_columns_c,
          glass_columns_c, glass_columns_c, glass_columns_a, glass_columns_c

Skill      XL: |  1 |
---------------+----+-----
Unarmed Combat | 3 |  3.1
Fighting       | |  2.2
Throwing       | |  1.7
Dodging        | |  2.6

Action                   || total
-------------------------++-------
Melee: Unarmed           ||    32
Armor: Leather armour    ||     9
Dodge: Dodged            ||    28

Table legend: (Time is in decaauts)
 A = Elapsed time spent in this place.
 B = Non-inter-level travel time spent in this place.
 C = Inter-level travel time spent in this place.
 D = Time resting spent in this place.
 E = Time spent auto-exploring this place.
 F = Levels seen in this place.
 G = Mean time per level.
                   A        B        C        D        E       F      G
               +--------+--------+--------+--------+--------+-----+--------+
         Total |    440 |    387 |     53 |      0 |    339 |   1 |  440.0 |
       Dungeon |    440 |    387 |     53 |      0 |    339 |   1 |  440.0 |
               +--------+--------+--------+--------+--------+-----+--------+

Top non-repeatable levels by time:
     D:1: 440 daAuts
